 Dungeon Crawl Stone Soup version 0.21.1-1-g345015fe64 (webtiles) character file.

1145 Fymir27 the Ruffian (level 8, -4/78 HPs)
             Began as a Troll Monk on May 1, 2018.
             Slain by a killer bee (9 damage)
             ... on level 5 of the Dungeon.
             The game lasted 00:19:01 (3590 turns).

Fymir27 the Ruffian (Troll Monk)                    Turns: 3590, Time: 00:19:01

Health: -4/78      AC:  7    Str: 21    XL:     8   Next: 15%
Magic:  7/7        EV: 11    Int:  6    God:
Gold:   146        SH:  0    Dex: 13    Spells: 7/7 levels left

rFire    . . .     SeeInvis .     - Unarmed
rCold    . . .     Gourm    +   (no shield)
rNeg     . . .     Faith    .   a - +1 robe
rPois    .         Spirit   .   (helmet restricted)
rElec    .         Reflect  .   r - +0 cloak
rCorr    .         Harm     .   (gloves unavailable)
MR       .....                  (boots unavailable)
Stlth    +++.......             (no amulet)
HPRegen  0.63/turn              i - ring of stealth
MPRegen  0.10/turn              (no ring)

@: lethally poisoned (-4 -> -15)
A: large, unfitting armour, claws 3, fast metabolism 3, gourmand, regeneration
1, shaggy fur 1, tough skin 2
a: no special abilities


You were on level 5 of the Dungeon.
You were very full.

You visited 1 branch of the dungeon, and saw 5 of its levels.

You collected 146 gold pieces.

Inventory:

Missiles
 e - 29 arrows
 f - 16 poisoned needles
 g - 102 stones (quivered)
 j - 25 sling bullets
Armour
 a - a +1 robe (worn)
 r - a +0 cloak (worn)
Jewellery
 i - a ring of stealth (left claw)
Wands
 k - a wand of acid (6)
 s - a wand of flame (20)
Scrolls
 c - a scroll of teleportation {unknown}
 h - 4 scrolls of identify
 l - a scroll of remove curse
 m - a scroll of magic mapping
 n - a scroll of amnesia {unknown}
 o - a scroll of fog {unknown}
 p - a scroll of fear {unknown}
Potions
 d - 3 potions of cancellation
Comestibles
 b - 10 rations
 q - 13 chunks of flesh


   Skills:
 + Level 4.2 Fighting
 + Level 3.2 Armour
 + Level 4.2 Dodging
 - Level 1.0 Stealth
 * Level 6.7 Unarmed Combat
 + Level 1.2 Evocations


You had 7 spell levels left.
You didn't know any spells.

Dungeon Overview and Level Annotations

Branches:
Dungeon (5/15)
 Temple: D:4-7

Altars:

Shops:
D:5 [


Innate Abilities, Weirdness & Mutations

You are too large for most types of armour.
You have claws for hands.
Your metabolism is lightning-fast.
You like to eat raw meat.
Your natural rate of healing is unusually fast.
You are covered in fur. (AC +1)
You have very tough skin. (AC +2)


Message History

You feel sick. The killer bee misses you.
You feel sick. The killer bee stings you!
You feel sick. The killer bee barely misses you.
You feel sick. The killer bee stings you.
* * * LOW HITPOINT WARNING * * *
You feel sick. The killer bee stings you!
* * * LOW HITPOINT WARNING * * *
You are more poisoned.
The killer bee poisons you!
Okay, then.
As you read the scroll labeled CEAD LOJ USUI, it crumbles to dust.
You feel aware of your surroundings.
It was a scroll of magic mapping.
You feel sick. The killer bee barely misses you.
You feel sick. The killer bee stings you.
* * * LOW HITPOINT WARNING * * *
You are more poisoned.
The killer bee poisons you!
* * * LOW HITPOINT WARNING * * *
You feel sick. The killer bee closely misses you. The killer bee stings you!
You die...

.........,,,,,,*##..#..........,,
#.#.#...##.###** #..#).########,,
....#...##...# ##.#..# *,*
.?......##...# #....# ***,*
.......yy#...* #....# *,,,,
........y#..,#######...# *,,,,
.....###.#.#*#.........# *,,,,
.....# #.#.###.y.......## *,,,,
.....# #.>y.yy.y@.......# *,,,,
.....###.#####..........## ***,*
###.........########..>..# *,,
#...รท.........# #.....# *,,
#.........###.# #.....# *,,
#.........# #.# #.....# *,,
#.........# #.# #.....# *,,
#.........# #.# #.....# *,*
#.........# #.# #.....# *,*


You could see 5 killer bees.

Vanquished Creatures
  Grinder (D:3)
  Edmund (D:4)
  An ogre (D:5)
  A bullfrog (D:2)
  A water moccasin zombie (D:5)
  2 scorpions
  A centaur zombie (D:5)
  2 orc wizards
  A gnoll shaman (D:4)
  2 orc priests
  A centaur skeleton (D:5)
  Ijyb (D:3)
  Natasha (twice) (D:3)
  2 worker ants (D:4)
  6 adders
  8 gnolls
  An ooze (D:4)
  2 worms
  2 dart slugs
  2 leopard geckos
  12 orcs
  3 ball pythons
  2 giant cockroaches (D:2)
  3 goblins
  5 hobgoblins
  13 jackals
  A quokka (D:2)
  A ball python skeleton (D:2)
  11 bats
  4 frilled lizards
  A jackal skeleton (D:4)
  A jackal zombie (D:5)
  8 kobolds
  A leopard gecko skeleton (D:5)
  4 rats
110 creatures vanquished.

Notes
Turn   | Place    | Note
-------+----------+-------------------------------------------
     0 | D:1      | Fymir27 the Troll Monk began the quest for the Orb.
     0 | D:1      | Reached XP level 1. HP: 22/22 MP: 0/0
   337 | D:1      | Reached XP level 2. HP: 29/29 MP: 1/1
   374 | D:2      | Noticed a bullfrog
   806 | D:3      | Reached XP level 3. HP: 29/36 MP: 2/2
   943 | D:2      | Killed a bullfrog
   943 | D:2      | Reached skill level 1 in Armour
   943 | D:2      | Reached skill level 4 in Unarmed Combat
   943 | D:2      | Reached XP level 4. HP: 44/44 MP: 3/3
  1035 | D:2      | Reached XP level 5. HP: 37/53 MP: 4/4
  1627 | D:3      | Noticed Grinder
  1635 | D:3      | Paralysed by Grinder for 7 turns
  1753 | D:2      | Reached XP level 6. HP: 7/61 MP: 5/5
  1948 | D:4      | Reached skill level 5 in Unarmed Combat
  2102 | D:4      | Noticed Edmund
  2363 | D:4      | Killed Edmund
  2363 | D:4      | Reached XP level 7. HP: 38/68 MP: 6/6
  2534 | D:4      | Found a glowing drain.
  2973 | D:5      | Entered Level 5 of the Dungeon
  3061 | D:3      | Noticed Natasha
  3067 | D:3      | Killed Natasha
  3080 | D:3      | Noticed Natasha
  3098 | D:3      | Killed Natasha
  3098 | D:3      | Reached skill level 6 in Unarmed Combat
  3219 | D:3      | Noticed Ijyb
  3230 | D:3      | Killed Ijyb
  3311 | D:3      | Killed Grinder
  3450 | D:5      | Found Wuracush's Armour Boutique.
  3460 | D:5      | Reached skill level 1 in Evocations
  3460 | D:5      | Reached XP level 8. HP: 62/78 MP: 7/7
  3590 | D:5      | Slain by a killer bee

Skill      XL: |  1  2  3  4  5  6  7 |
---------------+----------------------+-----
Armour         | 1 2 3 |  3.2
Unarmed Combat | 4 5 6 |  6.7
Fighting       | 3 4 |  4.2
Dodging        | 3 4 |  4.2
Evocations     | 1 |  1.2
Stealth        | |  1.0

Action                   |  1- 3 |  4- 6 |  7- 9 || total
-------------------------+-------+-------+-------++-------
Melee: Unarmed           |   100 |   108 |   120 ||   328
       Punch             |     2 |       |     4 ||     6
  Use: Potion            |     2 |     1 |     1 ||     4
       Scroll            |       |     6 |     1 ||     7
 Stab: Sleeping          |     2 |       |     6 ||     8
       Distracted        |       |     1 |     1 ||     2
  Eat: Chunk             |    14 |    13 |    11 ||    38
Armor: Robe              |    39 |    27 |    41 ||   107
Dodge: Dodged            |    55 |    72 |    61 ||   188
